 Dungeon Crawl Stone Soup version 0.22-a0-455-ga0624bf (webtiles) character file.

493396 iamserjio the Brawler (level 23, -4/323 HPs)
             Began as a Troll Chaos Knight on June 4, 2018.
             Slain by a yaktaur (7 damage)
             ... on level 3 of the Depths on June 5, 2018.
             The game lasted 03:45:36 (50822 turns).

iamserjio the Brawler (Troll Chaos Knight)         Turns: 50822, Time: 03:45:38

Health: -4/323     AC: 25    Str: 26    XL:     23   Next: 62%
Magic:  29/32      EV: 12    Int: 14    God:    Xom [.*....]
Gold:   1122       SH: 18    Dex: 10    Spells: 23/36 levels left

rFire    + + .     SeeInvis .     - Unarmed
rCold    + + +     Gourm    +   J - +2 shield of Indomitability {+Inv}
rNeg     + + .     Faith    .   (armour currently unavailable)
rPois    ∞         Spirit   .   k - -2 hat of the Alchemist {rElec rPois rF+ rC+ rN+ MR+ rMut rCorr}
rElec    +         Reflect  +   p - +2 cloak {MR+}
rCorr    +         Harm     .   (gloves unavailable)
rMut     +                      (boots unavailable)
MR       ++++.                  U - amulet of Xom's Sleight of Hands {Reflect +Blink MR+ Int+4 Dex-4 SH+3}
Stlth    +.........             C - ring of wizardry
HPRegen  1.43/turn              Y - ring of protection from fire
MPRegen  0.23/turn

@: statue-form, glowing, very slow
A: large, unfitting armour, claws 3, blurry vision 2, cold resistance 2,
deterioration 1, fast metabolism 3, gourmand, regeneration 2
}: 3/15 runes: decaying, silver, gossamer
a: End Transformation, Renounce Religion, Evoke Blink, Evoke Invisibility


You were on level 3 of the Depths.
You worshipped Xom.
You were a plaything of Xom.
You were very full.
You were a stone statue.
You visited 8 branches of the dungeon, and saw 42 of its levels.
You also visited: Labyrinth, Ice Cave, Volcano and Desolation.

You collected 6454 gold pieces.
You spent 5332 gold pieces at shops.

Inventory:

Missiles
 h - 4 javelins of penetration
 M - 105 large rocks (quivered)
Armour
 k - the -2 hat of the Alchemist (worn) {rElec rPois rF+ rC+ rN+ MR+ rMut rCorr}
   (You found it in an ice cave)

   It protects you from fire.
   It protects you from cold.
   It insulates you from electricity.
   It protects you from poison.
   It protects you from negative energy.
   It affects your resistance to hostile enchantments.
   It protects you from acid and corrosion.
   It protects you from mutation.
 p - a +2 cloak of magic resistance (worn)
 x - the +7 faerie dragon scales {rElec rCorr}
   (You took it off the Enchantress on level 15 of the Dungeon)

   It insulates you from electricity.
   It protects you from acid and corrosion.
 G - a +2 robe of the Archmagi (melded)
 J - the +2 shield of Indomitability (worn) {+Inv}
   (You took it off a deep elf sorcerer on level 3 of the Elven Halls)

   It lets you turn invisible.
 Z - the cursed +0 large shield "Muddi" {Int+4}
   (You found it on level 5 of the Vaults)

   It affects your intelligence (+4).
   It has a curse placed upon it.
Jewellery
 f - an uncursed ring of see invisible
 g - the amulet "Hutihokh" {+Rage Int+3}
   (You found it on level 3 of the Elven Halls)

   [amulet of rage]

   It affects your intelligence (+3).
   It lets you go berserk.
 j - the amulet "Oneocu Wigu" {Acrobat +Inv rPois Stlth+}
   (You found it on level 2 of the Elven Halls)

   [amulet of the acrobat]

   It helps you evade while moving and waiting.
   It protects you from poison.
   It lets you turn invisible.
   It makes you more stealthy.
 m - the ring of Cetuwn {Str+2 Dex-4 Slay+3 Stlth+}
   (You bought it in a shop on level 4 of the Vaults)

   [ring of stealth]

   It affects your strength (+2).
   It affects your dexterity (-4).
   It affects your accuracy and damage with ranged weapons and melee attacks
   (+3).
   It makes you more stealthy.
 C - a ring of wizardry (left claw)
 K - the ring "Xepecw" {+Inv rF- MR+++ Int+2 Dex+4}
   (You found it in a labyrinth)

   [ring of dexterity]

   It affects your intelligence (+2).
   It affects your dexterity (+4).
   It makes you vulnerable to fire.
   It affects your resistance to hostile enchantments.
   It lets you turn invisible.
 T - the ring of Trepidation {rF+ rN+ Str+2 Dex-4}
   (You found it on level 5 of the Vaults)

   [ring of protection from fire]

   It affects your strength (+2).
   It affects your dexterity (-4).
   It protects you from fire.
   It protects you from negative energy.
 U - the amulet of Xom's Sleight of Hands (around neck) {Reflect +Blink MR+ Int+4 Dex-4 SH+3}
   (You bought it in a shop on level 2 of the Depths)

   [amulet of reflection]

   It shields you and reflects attacks.
   It affects your intelligence (+4).
   It affects your dexterity (-4).
   It affects your resistance to hostile enchantments.
   It lets you blink.
   It affects your SH (+3).
 Y - a ring of protection from fire (right claw)
Wands
 l - a wand of digging (39)
 r - a wand of clouds (3)
 z - a wand of acid (21)
 B - a wand of iceblast (52)
Scrolls
 a - a scroll of enchant armour
 d - 23 scrolls of remove curse
 e - 8 scrolls of teleportation
 i - 4 scrolls of fog
 n - 2 scrolls of identify
 t - a scroll of blinking
 u - a scroll of silence
 A - 7 scrolls of fear
 I - a scroll of summoning
 P - 5 scrolls of magic mapping
 X - 3 scrolls of holy word
Potions
 c - 3 potions of heal wounds
 q - 6 potions of invisibility
 s - 12 potions of mutation
 w - 14 potions of curing
 D - a potion of magic
 F - 5 potions of haste
 H - 7 potions of might
 N - 3 potions of resistance
 Q - 8 potions of cancellation
 V - 5 potions of brilliance
Miscellaneous
 o - a phial of floods
 y - 5 sacks of spiders
 L - 3 phantom mirrors
 O - a box of beasts
 R - a fan of gales
 S - a lamp of fire
Comestibles
 b - 88 rations
 v - a chunk of flesh


   Skills:
 + Level 18.8 Fighting
 - Level 8.0 Throwing
 - Level 5.0 Armour
 - Level 6.0 Dodging
 * Level 13.9 Shields
 - Level 20.0 Unarmed Combat
 - Level 7.0 Spellcasting
 - Level 11.0 Transmutations
 - Level 14.0 Earth Magic
 - Level 5.0 Evocations


You had 23 spell levels left.
You knew the following spells:

 Your Spells              Type           Power        Failure   Level  Hunger
a - Statue Form           Tmut/Erth      #####....    5%          6    #######
b - Borgnjor's Vile Clut  Necr/Erth      ###.......   9%          5    ######.
c - Blink                 Tloc           N/A          9%          2    #......

Your spell library contained the following spells:

 Spells                   Type           Power        Failure   Level  Hunger
 Cause Fear               Hex            #.........   45%         4    ####...
 Magic Dart               Conj           #...         6%          1    None
 Fireball                 Conj/Fire      #.........   80%         5    ######.
 Conjure Flame            Conj/Fire      #.......     16%         3    ##.....
 Bolt of Fire             Conj/Fire      #.........   100%        6    #######
 Lightning Bolt           Conj/Air       #.........   80%         5    ######.
 Bolt of Magma            Conj/Fire/Erth ###.......   22%         5    ######.
 Slow                     Hex            #.......     9%          2    #......
 Confuse                  Hex            #.......     16%         3    ##.....
 Throw Frost              Conj/Ice       #.....       9%          2    #......
 Freezing Cloud           Conj/Ice/Air   #.........   100%        6    #######
 Mephitic Cloud           Conj/Pois/Air  #.......     16%         3    ##.....
 Ring of Flames           Chrm/Fire      #.........   100%        7    #######
 Venom Bolt               Conj/Pois      #.........   80%         5    ######.
 Olgreb's Toxic Radiance  Pois           #.......     45%         4    ####...
 Death's Door             Chrm/Necr      #.........   100%        8    #######
 Iskenderun's Mystic Bla  Conj           #.......     45%         4    ####...
 Animate Dead             Necr           N/A          45%         4    ####...
 Pain                     Necr           #...         6%          1    None
 Animate Skeleton         Necr           N/A          6%          1    None
 Vampiric Draining        Necr           #.........   16%         3    ##.....
 Haunt                    Necr/Summ      #.........   100%        7    #######
 Borgnjor's Revivificati  Necr           #.........   100%        8    #######
 Freeze                   Ice            #...         6%          1    None
 Summon Ice Beast         Ice/Summ       #.......     45%         4    ####...
 Ozocubu's Armour         Chrm/Ice       #.......     16%         3    ##.....
 Call Imp                 Summ           #.......     9%          2    #......
 Regeneration             Chrm/Necr      #.........   16%         3    ##.....
 Sting                    Conj/Pois      #...         6%          1    None
 Sublimation of Blood     Necr           #.........   9%          2    #......
 Tukima's Dance           Hex            #.......     16%         3    ##.....
 Summon Demon             Summ           #.........   80%         5    ######.
 Iron Shot                Conj/Erth      ###.......   43%         6    #######
 Shock                    Conj/Air       #...         6%          1    None
 Swiftness                Chrm/Air       #.......     9%          2    #......
 Recall                   Summ/Tloc      N/A          16%         3    ##.....
 Agony                    Necr           #.......     80%         5    ######.
 Spider Form              Tmut/Pois      ###.......   1%          3    ##.....
 Dragon Form              Tmut           #####.....   45%         7    #######
 Necromutation            Tmut/Necr      ###.......   100%        8    #######
 Deflect Missiles         Chrm/Air       #.........   100%        6    #######
 Throw Icicle             Conj/Ice       #.......     45%         4    ####...
 Airstrike                Air            #.........   45%         4    ####...
 Shadow Creatures         Summ           N/A          100%        6    #######
 Confusing Touch          Hex            #.....       6%          1    None
 Flame Tongue             Conj/Fire      #....        6%          1    None
 Ignite Poison            Fire/Tmut/Pois ###.....     4%          3    ##.....
 Call Canine Familiar     Summ           #.......     16%         3    ##.....
 Ensorcelled Hibernation  Hex/Ice        #.....       9%          2    #......
 Metabolic Englaciation   Hex/Ice        #.........   80%         5    ######.
 Silence                  Hex/Air        #.........   80%         5    ######.
 Shatter                  Erth           #####.....   100%        9    #######
 Static Discharge         Conj/Air       #.......     16%         3    ##.....
 Corona                   Hex            #......      6%          1    None
 Alistair's Intoxication  Tmut/Pois      ###.....     16%         5    ######.
 Sandblast                Erth           #####.       1%          1    None
 Simulacrum               Ice/Necr       #.........   100%        6    #######
 Conjure Ball Lightning   Conj/Air       #.........   100%        6    #######
 Excruciating Wounds      Chrm/Necr      #.........   80%         5    ######.
 Portal Projectile        Hex/Tloc       #.....       16%         3    ##.....
 Petrify                  Tmut/Erth      #####...     1%          4    ####...
 Tornado                  Air            #.........   100%        9    #######
 Leda's Liquefaction      Hex/Erth       ###.......   3%          4    ####...
 Darkness                 Hex            #.........   100%        6    #######
 Inner Flame              Hex/Fire       #.......     16%         3    ##.....
 Aura of Abjuration       Summ           #.........   80%         5    ######.
 Fulminant Prism          Conj/Hex       #.........   45%         4    ####...
 Dazzling Spray           Conj/Hex       #.....       16%         3    ##.....
 Force Lance              Conj/Tloc      #.......     45%         4    ####...
 Spectral Weapon          Hex/Chrm       #.......     16%         3    ##.....
 Searing Ray              Conj           #.....       9%          2    #......
 Discord                  Hex            #.........   100%        8    #######
 Summon Forest            Summ/Tloc      #.........   80%         5    ######.
 Dragon's Call            Summ           #.........   100%        9    #######
 Spellforged Servitor     Conj/Summ      #.........   100%        7    #######
 Summon Mana Viper        Hex/Summ       #.......     80%         5    ######.
 Hydra Form               Tmut           #####.....   10%         6    #######
 Irradiate                Conj/Tmut      ###.......   16%         5    ######.
 Gell's Gravitas          Tloc           #.........   16%         3    ##.....
 Yara's Violent Unravell  Hex/Tmut       ###.......   16%         5    ######.
 Infestation              Necr           #.........   100%        8    #######
 Poisonous Vapours        Pois/Air       #.....       9%          2    #......
 Ignition                 Fire           #.........   100%        8    #######


Dungeon Overview and Level Annotations

Branches:
Dungeon (15/15)            Temple (0/1) D:4            Lair (6/6) D:9
  Swamp (4/4) Lair:4       Spider (4/4) Lair:2        Slime (0/5) Lair:6
    Orc (2/2) D:11            Elf (3/3) Orc:2        Vaults (5/5) D:14
  Crypt (0/3) Vaults:2     Depths (3/5) D:15

Altars:
Ashenzari
Cheibriados
Dithmenos
Elyvilon
Makhleb
Okawaru
Qazlal
Ru
Sif Muna
Trog
Uskayaw
Vehumet
Wu Jian
Xom
Zin
The Shining One
Beogh
Jiyva

Shops:
D:6 }   D:7 [   Orc:2 *[*:*   Elf:1 [!   Vaults:1 :   Vaults:4 *
Depths:1 !:?!=   Depths:2 =(:*

Portals:
Hell: Depths:1 Depths:2 Depths:3
Pandemonium: Orc:2 Depths:2

Annotations:
D:7 exclusion: oklob plant
Lair:1 exclusion: 4 oklob plants
Elf:2 5 runed doors
Depths:3 Mennas


Innate Abilities, Weirdness & Mutations

You are too large for most types of armour.
You have claws for hands.
Your metabolism is lightning-fast.
You like to eat raw meat.
You heal very quickly.
((You are covered in fur. (AC +1)))
((You have very tough skin. (AC +2)))
((You are partially covered in icy blue scales. (AC +2)))
Scrolls take you longer to read.
Your flesh is very cold resistant. (rC++)
Your body sometimes deteriorates upon taking damage.


Message History

* * * LOW HITPOINT WARNING * * *
The white very ugly thing freezes you. You resist.
* * * LOW HITPOINT WARNING * * *
You feel much better. Mennas barely misses you.
Mennas hits you with a trishula of holy wrath!
* * * LOW HITPOINT WARNING * * *
You block the yaktaur's attack.
The ice dragon bites you but does no damage.
The ice dragon claws you.
* * * LOW HITPOINT WARNING * * *
You block the ice dragon's attack.
You block the purple very ugly thing's attack.
The white very ugly thing gores you but does no damage.
Mennas hits you with a trishula of holy wrath!!
* * * LOW HITPOINT WARNING * * *
Mennas hits you with a trishula of holy wrath.
* * * LOW HITPOINT WARNING * * *
The yaktaur hits you!
You die...
Xom chortles!

...................'
...................#
...................##
...#'########.......#
...#....#...#.......#
...#....#...#.......#
...#....'...#.......#
...##.#####.#...AD..####
....#+#...#.##'#8uu.....
###.+ ...+....#uc......
..#.#+#...#....#.)......
..#.......#....#........
..')....).#....#....(...
.##.......#.##+#........
.#....÷####.##.###......
.#.....'....... ......
.#.....#./..... ......


You could see Mennas, 2 very ugly things, an ice dragon, a purple ugly thing and
a yaktaur.

Vanquished Creatures
  Bai Suzhen (Elf:3)
  Saint Roka (Depths:2)
  the Enchantress (D:15)
  Jory (Depths:3)
  A bone dragon (Vaults:2)
  A lich (Depths:2)
  9 tentacled monstrosities
  Rupert (Lair:5)
  2 deep elf blademasters (Elf:3)
  A deep elf master archer (Elf:3)
  A quicksilver dragon (Vaults:5)
  6 titans (Vaults:5)
  5 sphinxes
  A sphinx (shapeshifter) (Spider:4)
  4 shadow dragons
  Agnes (Elf:2)
  4 storm dragons (Vaults:5)
  An azure jelly (shapeshifter) (Depths:2)
  The ghost of sexinstructor the Warrior, a journeyman DDFi of Makhleb (Spider:1)
  3 tengu reavers
  4 fire giants
  The ghost of EvilAshe the Destroyer, an adept HuWz of Hepliaklqana (Spider:4)
  2 thorn hunters
  An azure jelly (Vaults:1)
  3 deep elf sorcerers
  An iron dragon (Vaults:5)
  2 orc warlords
  Aizul (Elf:3)
  Louise (Swamp:4)
  16 vault wardens
  6 frost giants
  A ghost moth (Spider:4)
  20 ironheart preservers
  8 emperor scorpions
  2 war gargoyles (Vaults:5)
  2 angels (Elf:1)
  18 stone giants
  4 deep elf elementalists (Elf:3)
  3 spriggan defenders (D:15)
  7 very ugly things
  4 entropy weavers
  2 halazid warlocks (Desolation)
  3 deep elf demonologists
  A minotaur (shapeshifter) (Vaults:5)
  6 deep elf annihilators
  Azrael (D:13)
  A minotaur (Lab)
  A blizzard demon (IceCv)
  Josephine (Orc:2)
  9 ettins
  6 deep elf death magi
  2 fire dragons
  3 jiangshi (D:15)
  3 ragged hierophants (Desolation)
  16 yaktaur captains
  6 great orbs of eyes
  A deep elf high priest (Vaults:5)
  41 vault guards
  2 peacekeepers (Desolation)
  3 servants of whispers (Desolation)
  7 ice dragons
  A spriggan air mage (D:15)
  3 rakshasas
  A catoblepas (Lair:6)
  28 two-headed ogres
  3 ghost crabs (Swamp:3)
  An anaconda (shapeshifter) (Vaults:5)
  17 hydras
  13 centaur warriors
  17 alligators
  An alligator snapping turtle (Vaults:5)
  13 ogre magi
  A satyr (shapeshifter) (Depths:2)
  A death knight (Vaults:2)
  7 tengu warriors
  14 dancing weapons
  6 orc high priests (Orc:2)
  3 death yaks (Lair:6)
  Urug (Lair:2)
  6 deep troll shamans
  2 deep troll earth magi
  14 deep elf knights
  Sonja (D:10)
  4 hell knights
  A small abomination (Elf:3)
  An unseen horror (D:14)
  2 shadow wraiths
  4 skeletal warriors (Vaults:2)
  4 flayed ghosts
  9 deep trolls
  4 iron trolls
  2 infernal demonspawn (Orc:2)
  17 swamp dragons
  3 lindwurms (Swamp:4)
  3 shambling mangroves
  6 glowing orange brains
  16 orc knights
  2 spriggan druids
  8 deep elf archers
  2 gelid demonspawn (Orc:2)
  16 ironbrand convokers
  3 wizards
  4 necromancers
  Pikel (D:8)
  4 phantasmal warriors (Vaults:5)
  5 harpies (Vaults:4)
  24 orb spiders
  30 wolf spiders
  52 ugly things
  A cyclops (shapeshifter) (Vaults:1)
  46 deep elf magi
  7 orc sorcerers
  5 manticores
  5 cyclopes
  2 ice statues (Swamp:3)
  3 centaur zombies
  16 vault sentinels
  2 rust devils
  2 elephants (Lair:6)
  An elephant (shapeshifter) (Depths:2)
  3 moths of wrath
  6 black mambas
  An eye of devastation (shapeshifter) (Vaults:5)
  A molten gargoyle (Lair:1)
  A guardian serpent (shapeshifter) (Depths:2)
  3 torpor snails
  A yaktaur zombie (Vaults:4)
  19 spiny frogs
  A human zombie (Vaults:4)
  40 yaktaurs
  11 demonic crawlers
  5 rime drakes
  11 freezing wraiths
  7 ice devils
  7 anaconda simulacra (IceCv)
  6 komodo dragons
  A queen bee (shapeshifter) (Vaults:1)
  14 tyrant leeches
  A polar bear (shapeshifter) (Vaults:3)
  A merfolk (shapeshifter) (Vaults:3)
  3 meliai (D:15)
  6 trolls
  4 polar bears (D:10)
  2 wind drakes
  A raiju (shapeshifter) (Vaults:2)
  2 tengu conjurers
  A jumping spider (shapeshifter) (Depths:2)
  44 jumping spiders
  18 saltlings (Desolation)
  A hornet (shapeshifter) (Vaults:1)
  10 hornets
  2 dream sheep (Lair:6)
  A queen bee (D:15)
  17 blink frogs
  32 slime creatures
  11 hippogriffs
  7 bog bodies
  A stone giant simulacrum (Vaults:3)
  2 tarantellas (shapeshifter)
  A redback (shapeshifter) (Vaults:2)
  71 redbacks
  9 spriggans
  2 shadows
  27 tarantellas
  3 water elementals
  Sigmund (D:2)
  2 air elementals (Elf:1)
  A wyvern (Lair:4)
  4 fire elementals
  31 yaks
  2 dire elephant simulacra (IceCv)
  7 wraiths
  6 basilisks
  3 chaos spawn (Orc:2)
  5 hogs
  A steam dragon (Lair:6)
  29 vampire mosquitoes
  6 hungry ghosts
  2 humans
  10 wargs
  7 insubstantial wisps
  3 harpy simulacra (IceCv)
  34 swamp worms
  A soldier ant (D:12)
  8 hell hounds
  5 acid dragons
  10 porcupines
  16 water moccasins
  2 hydra simulacra (IceCv)
  12 swamp drakes
  2 black bears
  9 ice beasts
  A sky beast (D:7)
  3 slaves (D:8)
  55 orc warriors
  An ice beast (shapeshifter) (D:15)
  A necrophage (D:7)
  2 phantoms
  39 ogres
  An elf skeleton (Vaults:4)
  7 wolves
  2 ettin simulacra
  25 boggarts
  34 centaurs
  12 crocodiles
  12 bullfrogs
  A wyvern zombie (D:13)
  A wyvern skeleton (D:11)
  2 human simulacra
  A hornet simulacrum (D:14)
  7 scorpions
  A water moccasin skeleton (D:5)
  30 killer bees
  An elephant simulacrum (IceCv)
  5 wights
  8 electric eels
  2 howler monkeys (D:9)
  7 crimson imps
  A draconian simulacrum (IceCv)
  A bullfrog zombie (D:8)
  A jelly (D:8)
  6 centaur skeletons
  6 hounds
  29 orc priests
  2 bullfrog skeletons
  29 orc wizards
  Jessica (D:2)
  7 iguanas
  3 troll simulacra (IceCv)
  7 worker ants
  2 polar bear simulacra (IceCv)
  A spriggan simulacrum (IceCv)
  A wolf simulacrum (IceCv)
  A hound zombie (D:5)
  3 hound skeletons
  A worker ant zombie (D:10)
  10 gnolls
  A howler monkey skeleton (D:7)
  2 naga simulacra (IceCv)
  2 ogre simulacra (IceCv)
  16 adders
  3 shadow imps
  14 white imps
  8 ufetubi
  3 oozes
  2 adder skeletons (D:4)
  2 dart slugs (D:1)
  10 worms
  6 leopard geckos
  129 orcs
  6 bats
  8 giant cockroaches
  7 goblins
  6 hobgoblins
  15 jackals
  3 kobolds
  3 quokkas
  A ball python (D:4)
  5 frilled lizards
  A quokka simulacrum (D:10)
  A quokka skeleton (D:4)
  7 rats
  A fire vortex (Vaults:5)
2011 creatures vanquished.

Vanquished Creatures (collateral kills)
  An emperor scorpion (Spider:4)
  An ironheart preserver (Vaults:5)
  A deep elf demonologist (Elf:3)
  A death drake (Spider:1)
  An orc knight (Vaults:1)
  A yaktaur (Vaults:1)
  2 jumping spiders
  A blink frog (Lair:2)
  A slime creature (Vaults:1)
  2 redbacks
  2 spriggans (D:11)
  An ogre (D:8)
  A centaur (D:11)
  A bullfrog (D:8)
  An orc priest (Orc:2)
  A jelly (D:11)
  An orc wizard (D:11)
  An iguana (D:8)
  A hound skeleton (D:11)
  9 orcs
31 creatures vanquished.

Vanquished Creatures (others)
  A fire giant (Depths:2)
  A blizzard demon (IceCv)
  A fire dragon (Depths:1)
  An alligator (shapeshifter) (D:12)
  A vampire mage (Depths:1)
  A deep troll (Depths:1)
  2 deep elf archers (Elf:1)
  A necromancer (Depths:2)
  A deep elf mage (Elf:3)
  An orb spider (Spider:2)
  A spiny frog (Swamp:3)
  A komodo dragon (Lair:6)
  A jumping spider (Spider:1)
  A water elemental (Elf:3)
  An insubstantial wisp (Swamp:4)
  A swamp worm (Swamp:4)
  A swamp drake (Swamp:4)
  2 boggarts
  3 centaurs
  2 killer bees (D:8)
  2 orc priests
  2 ufetubi (IceCv)
  2 orcs
  A briar patch (Swamp:4)
  2 fungi
  26 plants
60 creatures vanquished.

Grand Total: 2102 creatures vanquished

Notes
Turn   | Place    | Note
-------+----------+-------------------------------------------
     0 | D:1      | iamserjio the Troll Chaos Knight began the quest for the Orb.
     0 | D:1      | Reached XP level 1. HP: 22/22 MP: 0/0
   111 | D:1      | XOM: potion effect (berserk rage)
   231 | D:1      | Reached XP level 2. HP: 29/29 MP: 1/1
   441 | D:1      | Reached XP level 3. HP: 36/36 MP: 2/2
   725 | D:2      | Noticed Jessica
   726 | D:2      | Noticed Sigmund
   730 | D:2      | Killed Jessica
   730 | D:2      | Reached skill level 4 in Unarmed Combat
   731 | D:2      | XOM: butterfly on damage
   770 | D:2      | Killed Sigmund
   770 | D:2      | Reached XP level 4. HP: 36/45 MP: 3/3
   770 | D:2      | Reached XP level 5. HP: 42/53 MP: 4/4
   834 | D:2      | Reached skill level 5 in Unarmed Combat
  1032 | D:2      | Reached XP level 6. HP: 61/61 MP: 5/5
  1228 | D:2      | Found a glowing golden altar of the Shining One.
  1291 | D:2      | XOM: harmless Ice miscast
  1392 | D:2      | Found a burning altar of Makhleb.
  1403 | D:2      | Found a shimmering altar of Xom.
  1533 | D:2      | Found an ornate altar of the Wu Jian Council.
  1943 | D:3      | XOM: divination: magic mapping
  2070 | D:3      | XOM: harmless Necr miscast
  2144 | D:3      | XOM is BORED!
  2144 | D:3      | XOM: mild Chrm miscast
  2314 | D:4      | Found a staircase to the Ecumenical Temple.
  2413 | D:4      | Reached skill level 6 in Unarmed Combat
  2413 | D:4      | Reached XP level 7. HP: 31/68 MP: 6/6
  2749 | D:4      | XOM: mild Necr miscast
  2889 | D:5      | Entered Level 5 of the Dungeon
  3063 | D:5      | XOM: silly message
  3185 | D:5      | Found an iron altar of Okawaru.
  3190 | D:5      | Reached skill level 7 in Unarmed Combat
  3233 | D:5      | XOM: blink monster(s)
  3310 | D:5      | XOM: mild Erth miscast
  3338 | D:5      | XOM: swap monsters
  3344 | D:5      | Reached skill level 1 in Shields
  3344 | D:5      | Reached XP level 8. HP: 68/79 MP: 7/7
  3542 | D:5      | XOM: 2-stop teleportation journey
  3567 | D:5      | XOM: give mutation
  3569 | D:5      | XOM: smoke on damage
  3833 | D:5      | XOM: medium Conj miscast
  3871 | D:5      | XOM: summons 4 hostile demons
  3915 | D:5      | XOM: summons 4 hostile demons
  3926 | D:5      | XOM: mild Conj miscast
  3927 | D:5      | XOM: polymorph quasit -> crimson imp
  4116 | D:5      | XOM: give mutations
  4116 | D:5      | Gained mutation: Your flesh is cold resistant. (rC+) [Xom's mischief]
  4116 | D:5      | Gained mutation: You tend to lose your temper in combat. [Xom's mischief]
  4284 | D:6      | Found a deep blue altar of Sif Muna.
  4289 | D:6      | XOM: harmless Tmut miscast
  4320 | D:6      | XOM: cast spell 'Summon Butterflies'
  4344 | D:6      | Reached skill level 8 in Unarmed Combat
  4346 | D:6      | Found a shadowy altar of Dithmenos.
  4424 | D:6      | Found Ucwaus's Gadget Shoppe.
  4477 | D:6      | Found a glowing golden altar of the Shining One.
  4655 | D:6      | XOM: 4-stop teleportation journey
  4733 | D:6      | Found a hide-covered altar of Uskayaw.
  4762 | D:6      | Reached skill level 5 in Fighting
  4946 | D:7      | Found a bloodstained altar of Trog.
  4964 | D:7      | Found Fudyaki's Armour Boutique.
  4968 | D:7      | XOM: fake destruction
  4969 | D:7      | XOM: summons friendly crimson imp
  5184 | D:7      | Noticed a two-headed ogre
  5194 | D:7      | Killed a two-headed ogre
  5194 | D:7      | Reached skill level 9 in Unarmed Combat
  5194 | D:7      | Reached XP level 9. HP: 40/89 MP: 8/8
  5376 | D:7      | XOM: give mutation
  5376 | D:7      | Gained mutation: You can translocate small distances at will. [Xom's grace]
  5527 | D:7      | XOM: harmless Fire miscast
  5667 | D:7      | Found a shadowy altar of Dithmenos.
  5667 | D:7      | Noticed an oklob plant
  5980 | D:7      | XOM: enchant monster (bad)
  5998 | D:7      | Reached skill level 10 in Unarmed Combat
  6172 | D:7      | XOM: silly message
  6214 | D:7      | XOM: harmless Erth miscast
  6380 | D:7      | Reached XP level 10. HP: 100/100 MP: 9/9
  6745 | D:8      | Noticed Pikel
  6753 | D:8      | XOM: 1-stop teleportation journey
  6808 | D:8      | Found a radiant altar of Vehumet.
  6810 | D:8      | XOM: confuse monster(s)
  6953 | D:7      | XOM: 5-stop teleportation journey
  7168 | D:8      | XOM: repel stairs
  7174 | D:8      | XOM: blink monster(s)
  7182 | D:8      | XOM: confusion
  7186 | D:8      | XOM: enchant monster (bad)
  7188 | D:8      | XOM: divination: detect creatures
  7192 | D:8      | Killed Pikel
  7192 | D:8      | Reached skill level 5 in Shields
  7192 | D:8      | Reached skill level 11 in Unarmed Combat
  7610 | D:9      | XOM: stat loss: -1 Int (7/8)
  7649 | D:9      | Found a staircase to the Lair.
  7671 | D:9      | XOM: 1-stop teleportation journey
  7741 | D:9      | Noticed a two-headed ogre
  7897 | D:9      | Found a stormy altar of Qazlal.
  7917 | D:9      | XOM: destruction
  7928 | D:9      | Killed a two-headed ogre
  8183 | D:9      | XOM: mild Tloc miscast
  8356 | D:9      | XOM: severe Tloc miscast
  8417 | D:9      | XOM: noise
  8720 | D:10     | Entered Level 10 of the Dungeon
  8740 | D:10     | XOM: confusion
  8743 | D:10     | HP: 4/104 [yak (18)]
  8746 | D:10     | XOM: enchant monster (bad)
  8757 | D:10     | Reached XP level 11. HP: 38/111 MP: 10/10
  9014 | D:10     | XOM: summons 5 hostile demons
  9018 | D:10     | XOM: summons 2 friendly demons
  9033 | D:10     | Reached skill level 12 in Unarmed Combat
  9107 | D:10     | Found a sacrificial altar of Ru.
  9144 | D:10     | Noticed Sonja
  9153 | D:10     | Killed Sonja
  9361 | D:10     | XOM: potion effect (brilliance)
  9366 | D:10     | XOM: summons 2 friendly demons
  9368 | D:10     | Reached skill level 1 in Throwing
  9389 | D:10     | XOM: give mutations
  9389 | D:10     | Gained mutation: You have a pair of small horns on your head. [Xom's grace]
  9389 | D:10     | Gained mutation: Your flesh is very cold resistant. (rC++) [Xom's grace]
  9389 | D:10     | Gained mutation: You are robust. (+10% HP) [Xom's grace]
  9389 | D:10     | Gained mutation: You are resistant to hostile enchantments. (MR+) [Xom's grace]
  9596 | D:10     | XOM: give mutations
  9596 | D:10     | Gained mutation: Your muscles are strong. (Str +2) [Xom's grace]
  9596 | D:10     | Gained mutation: You have an increased reservoir of magic. (+10% MP) [Xom's grace]
  9948 | D:11     | Found a roughly hewn altar of Beogh.
  9948 | D:11     | Found a staircase to the Orcish Mines.
  9948 | D:11     | XOM: scenery: 1 fountains blood, 1 doors close
  9950 | D:11     | XOM: divination: detect items
  9954 | D:11     | XOM: summons 11 friendly demons
  9960 | D:11     | XOM: summons 3 friendly demons
  9961 | D:11     | Noticed a two-headed ogre
 10126 | D:11     | XOM: summons 3 friendly demons
 10134 | D:11     | Killed a two-headed ogre
 10149 | D:11     | XOM: repel stairs
 10150 | D:11     | XOM: summons 9 friendly demons
 10161 | D:11     | XOM: enchant monster (good)
 10162 | D:11     | XOM: cleaving
 10164 | D:11     | XOM: summons friendly iron imp
 10171 | D:11     | XOM: enchant monster (good)
 10337 | D:11     | XOM: enchant monster (bad)
 10360 | D:11     | XOM: 5-stop teleportation journey
 10671 | D:11     | XOM: scenery: create altars
 10688 | D:11     | XOM: give mutations
 10688 | D:11     | Gained mutation: You are dopey. (Int -2) [Xom's mischief]
 10688 | D:11     | Lost mutation: Your muscles are strong. (Str +2) [Xom's mischief]
 10818 | D:11     | XOM: god gift: 4 large rocks
 10911 | D:11     | XOM: scenery: 1 doors close
 11068 | D:11     | XOM: silly message
 11252 | D:12     | Found an ornate altar of the Wu Jian Council.
 11294 | D:12     | XOM: polymorph something unseen -> wind drake
 11306 | D:12     | Reached XP level 12. HP: 105/134 MP: 12/12
 11358 | D:12     | Noticed Gastronok
 11361 | D:12     | Noticed Gastronok
 11361 | D:12     | Gastronok changed into Gastronok the iron dragon
 11361 | D:12     | XOM: polymorph Gastronok -> Gastronok the iron dragon
 11391 | D:12     | Noticed a two-headed ogre
 11401 | D:12     | Killed a two-headed ogre
 11533 | D:12     | XOM: stat loss: -1 Str (22/23)
 11534 | D:12     | XOM: noise
 11660 | D:12     | XOM: summons 1 hostile shadow creature
 11944 | D:12     | XOM: confuse monster(s)
 12026 | D:12     | Noticed a five-headed hydra
 12038 | D:12     | Killed a five-headed hydra
 12105 | D:12     | Noticed Kirke
 12112 | D:12     | Reached skill level 13 in Unarmed Combat
 12116 | D:12     | Noticed Kirke
 12116 | D:12     | Kirke changed into Kirke the shadow dragon
 12116 | D:12     | XOM: polymorph Kirke -> Kirke the shadow dragon
 12135 | D:11     | XOM: divination: detect creatures
 12348 | Lair:1   | XOM: noise
 12348 | Lair:1   | Entered Level 1 of the Lair of Beasts
 12370 | Lair:1   | XOM: 4-stop teleportation journey
 12423 | Lair:1   | Found a dark tunnel.
 12428 | Volcano  | Entered a volcano
 12433 | Volcano  | XOM: polymorph red devil -> rust devil
 12448 | Volcano  | XOM: divination: detect creatures
 12545 | Lair:1   | XOM is BORED!
 12615 | Lair:1   | Reached skill level 5 in Throwing
 12837 | Lair:1   | XOM: give mutation
 12837 | Lair:1   | Gained mutation: You are very robust. (+20% HP) [Xom's grace]
 13101 | Lair:2   | XOM: fake destruction
 13105 | Lair:2   | XOM: cast spell 'Summon Hydra'
 13318 | Lair:2   | XOM: blink monster(s)
 13527 | Lair:2   | Found a hole to the Spider Nest.
 13533 | Lair:2   | XOM: cast spell 'Disjunction'
 13546 | Lair:2   | XOM: confusion
 13765 | Lair:2   | XOM: give mutations
 13765 | Lair:2   | Gained mutation: You are partially covered in molten scales. (AC +2) [Xom's grace]
 13765 | Lair:2   | Lost mutation: You tend to lose your temper in combat. [Xom's grace]
 13802 | Lair:2   | Noticed Urug
 13804 | Lair:2   | XOM: confusion (+ monsters)
 13816 | Lair:2   | Killed Urug
 14153 | Lair:3   | Found a shimmering altar of Xom.
 14556 | Lair:3   | Reached XP level 13. HP: 108/159 MP: 13/13
 14578 | Lair:3   | XOM: 2-stop teleportation journey
 14788 | Lair:3   | Reached skill level 10 in Fighting
 14994 | Lair:3   | XOM is BORED!
 14994 | Lair:3   | XOM: severe Conj miscast
 15270 | Lair:4   | XOM: cast spell 'Cause Fear'
 15395 | Lair:4   | Found a labyrinth entrance.
 15404 | Lab      | Entered a labyrinth
 15485 | Lab      | XOM: summons 5 hostile demons
 15604 | Lab      | XOM: harmless Pois miscast
 15856 | Lab      | XOM: 4-stop teleportation journey
 15860 | Lab      | Noticed a minotaur
 15861 | Lab      | XOM: stat loss: -1 Dex (12/13)
 15876 | Lab      | Killed a minotaur
 15876 | Lab      | Reached skill level 1 in Armour
 15892 | Lab      | Got a translucent brass ring
 15894 | Lab      | Identified the ring "Xepecw" {+Inv rF- MR+++ Int+2 Dex+4} (You found it in a labyrinth)
 15955 | Lair:4   | XOM: harmless Conj miscast
 16009 | Lair:4   | XOM: 1-stop teleportation journey
 16472 | Lair:4   | Reached skill level 14 in Unarmed Combat
 16752 | Lair:4   | XOM: swap monsters
 16760 | Lair:4   | XOM: swap monsters
 16761 | Lair:4   | Found a staircase to the Swamp.
 16761 | Lair:4   | XOM: summons 1 hostile shadow creature
 16976 | Lair:5   | XOM: 2-stop teleportation journey
 16977 | Lair:5   | Noticed Rupert
 16983 | Lair:5   | Killed Rupert
 17229 | Lair:5   | XOM: swap monsters
 17230 | Lair:5   | XOM: chaos cloud
 17233 | Lair:5   | Paralysed by you for 4 turns
 17261 | Lair:5   | XOM: cast spell 'Chain of Chaos'
 17407 | Lair:5   | XOM: harmless Tloc miscast
 17704 | Lair:6   | Entered Level 6 of the Lair of Beasts
 17766 | Lair:6   | XOM: confuse monster(s)
 17789 | Lair:6   | Found a viscous altar of Jiyva.
 17789 | Lair:6   | Found a staircase to the Slime Pits.
 17840 | Lair:6   | XOM: mild Summ miscast
 17850 | Lair:6   | XOM: 2-stop teleportation journey
 17856 | Lair:6   | XOM: summons 3 hostile demons
 18079 | Lair:6   | XOM: silly message
 18210 | Lair:6   | XOM: give mutation
 18210 | Lair:6   | Gained mutation: You are clumsy. (Dex -2) [Xom's mischief]
 18275 | Lair:6   | XOM: summons friendly quasit
 18384 | Lair:6   | XOM: cast spell 'Olgreb's Toxic Radiance'
 18388 | Lair:6   | Reached XP level 14. HP: 103/172 MP: 14/14
 18390 | Lair:6   | XOM: noise
 18521 | Lair:6   | XOM: confusion (+ monsters)
 18525 | Lair:6   | Reached skill level 5 in Armour
 18641 | Lair:6   | XOM: mild Necr miscast
 18741 | Lair:6   | XOM: mild Necr miscast
 18750 | Lair:6   | XOM: swap monsters
 18827 | Lair:6   | XOM: divine lightning
 18829 | Lair:6   | XOM: draining
 18834 | Lair:6   | XOM: severe Erth miscast
 18841 | Lair:6   | XOM: fake destruction
 19040 | Lair:2   | XOM: enchant monster (bad)
 19148 | Orc:1    | Entered Level 1 of the Orcish Mines
 19269 | Orc:1    | XOM: summons 7 hostile demons
 19286 | Orc:1    | XOM: mild Erth miscast
 19307 | Orc:1    | Reached skill level 15 in Unarmed Combat
 19355 | Orc:1    | XOM: give mutations
 19355 | Orc:1    | Gained mutation: You are extremely robust. (+30% HP) [Xom's grace]
 19355 | Orc:1    | Gained mutation: You possess an exceptional clarity of mind. [Xom's grace]
 19512 | Orc:1    | XOM: god gift: 21 stones
 19595 | Orc:1    | XOM: summons friendly quasit
 19679 | Orc:2    | Entered Level 2 of the Orcish Mines
 19699 | Orc:2    | XOM: summons 5 friendly demons
 19968 | Orc:2    | XOM: fog
 19982 | Orc:2    | XOM: noise
 19992 | Orc:2    | Found Jaunoud's General Store.
 19998 | Orc:2    | Found Jadaes's General Store.
 19998 | Orc:2    | Found a staircase to the Elven Halls.
 19998 | Orc:2    | XOM: 6-stop teleportation journey
 20007 | Orc:2    | XOM: divination: magic mapping
 20008 | Orc:2    | Noticed an orc warlord
 20016 | Orc:2    | XOM: confuse monster(s)
 20028 | Orc:2    | XOM: divination: magic mapping
 20081 | Orc:2    | Killed an orc warlord
 20219 | Orc:2    | Bought a scroll of identify for 26 gold pieces
 20219 | Orc:2    | Bought a scroll of identify for 26 gold pieces
 20246 | Orc:2    | Noticed Josephine
 20253 | Orc:2    | Killed Josephine
 20282 | Orc:2    | XOM: cast spell 'Discord'
 20367 | Orc:2    | Found Suilevacwi's General Store.
 20432 | Orc:2    | Bought a scroll of teleportation for 42 gold pieces
 20432 | Orc:2    | Bought a scroll of teleportation for 42 gold pieces
 20434 | Orc:2    | Bought a scroll of blinking for 105 gold pieces
 20434 | Orc:2    | Bought a scroll of identify for 28 gold pieces
 20501 | Orc:2    | Reached skill level 1 in Evocations
 20513 | Orc:2    | XOM: summons friendly iron imp
 20544 | Orc:2    | XOM: confuse monster(s)
 20652 | Orc:1    | XOM: god gift: embroidered robe {god gift}
 20767 | Orc:1    | XOM: divination: magic mapping
 20949 | Orc:2    | XOM: mild Tmut miscast
 20960 | Orc:2    | XOM: potion effect (agility)
 20961 | Orc:2    | XOM: potion effect (might)
 21032 | Orc:2    | XOM: potion effect (haste)
 21034 | Orc:2    | XOM: potion effect (haste)
 21046 | Orc:2    | Found Zuitiasicu's Book Shop.
 21046 | Orc:2    | Found Puosut's Antique Armour Boutique.
 21047 | Orc:2    | Found a one-way gate leading to the halls of Pandemonium.
 21054 | Orc:2    | Reached XP level 15. HP: 177/204 MP: 16/18
 21059 | Orc:2    | Bought a book of the Earth for 910 gold pieces
 21102 | Orc:2    | Learned a level 6 spell: Statue Form
 21225 | D:11     | XOM: divination: detect creatures
 21311 | D:12     | XOM: divination: detect items
 21389 | D:12     | XOM: silly message
 21394 | D:12     | Killed Kirke the shadow dragon
 21401 | D:12     | Reached skill level 1 in Earth Magic
 21446 | D:13     | Reached skill level 1 in Transmutations
 21610 | D:13     | XOM: harmless Tloc miscast
 21643 | D:13     | XOM: swap monsters
 21667 | D:13     | XOM: 1-stop teleportation journey
 21779 | D:13     | Noticed Azrael
 21788 | D:13     | Killed Azrael
 22155 | D:14     | XOM: summons friendly quasit
 22214 | D:14     | Reached skill level 1 in Spellcasting
 22383 | D:14     | XOM: summons 3 friendly demons
 22388 | D:14     | XOM: cast spell 'Summon Small Mammal'
 22438 | D:14     | XOM: harmless Summ miscast
 22582 | D:14     | XOM: potion effect (might)
 22590 | D:14     | XOM: confuse monster(s)
 22602 | D:14     | XOM: fog
 22615 | D:14     | XOM: god gift: box of beasts
 22617 | D:14     | XOM: summons 3 friendly demons
 22680 | D:14     | Found a gate to the Vaults.
 22831 | D:15     | Entered Level 15 of the Dungeon
 22842 | D:15     | Reached skill level 16 in Unarmed Combat
 22879 | D:15     | XOM: fake destruction
 22893 | D:15     | XOM: scenery: create altars
 23103 | D:15     | XOM: scenery: create altars
 23150 | D:15     | XOM: destruction
 23153 | D:15     | XOM: enchant monster (good)
 23326 | D:15     | XOM: enchant monster (good)
 23359 | D:15     | XOM: noise
 23390 | D:15     | Got a colourful robe
 23405 | D:15     | Found a staircase to the Depths.
 23627 | D:15     | XOM: summons 4 hostile demons
 23697 | D:15     | XOM: harmless Tloc miscast
 23937 | Elf:1    | Entered Level 1 of the Elven Halls
 23958 | Elf:1    | XOM: cast spell 'Disjunction'
 23967 | Elf:1    | Found a glowing silver altar of Zin.
 23967 | Elf:1    | Found a glowing golden altar of the Shining One.
 24000 | Elf:1    | XOM: summons friendly white imp
 24122 | Orc:2    | XOM: mild Ice miscast
 24293 | Elf:1    | Found a ruined gateway.
 24299 | Elf:1    | Found a white marble altar of Elyvilon.
 24315 | Elf:1    | Reached skill level 5 in Earth Magic
 24361 | Desolati | Entered the Desolation of Salt
 24530 | Desolati | XOM: summons friendly shadow imp
 24531 | Desolati | XOM: noise
 24534 | Desolati | XOM: swap monsters
 24549 | Desolati | Reached XP level 16. HP: 149/217 MP: 20/20
 24642 | Desolati | Identified the Reference Book on Poison and Creation
 24649 | Desolati | Identified the Incunabulum of Icy Feathers
 24653 | Desolati | Got an ichor-stained robe
 24664 | Desolati | Identified the cursed +1 robe "Nyoguq" {+Fly rPois Slay-4 SInv} (You found it in the Desolation of Salt)
 24675 | Desolati | Identified the cursed +0 robe of Summertime {rC+} (You found it on level 15 of the Dungeon)
 24883 | Desolati | XOM: enchant monster (bad)
 24884 | Desolati | XOM: blink monster(s)
 24886 | Desolati | XOM: summons 7 friendly demons
 24888 | Desolati | XOM: smoke on damage
 24929 | Desolati | XOM: silly message
 25166 | Elf:1    | Reached skill level 5 in Evocations
 25169 | Elf:1    | Reached skill level 5 in Transmutations
 25252 | Elf:1    | XOM: confuse monster(s)
 25435 | Elf:1    | XOM: 1-stop teleportation journey
 25442 | Elf:1    | XOM: summons 3 hostile demons
 25558 | Elf:1    | XOM: give mutations
 25558 | Elf:1    | Lost mutation: You are clumsy. (Dex -2) [Xom's mischief]
 25558 | Elf:1    | Lost mutation: You are dopey. (Int -2) [Xom's mischief]
 25558 | Elf:1    | Lost mutation: You are partially covered in molten scales. (AC +2) [Xom's mischief]
 25558 | Elf:1    | Lost mutation: You possess an exceptional clarity of mind. [Xom's mischief]
 25598 | Elf:1    | XOM: chaos cloud
 25604 | Elf:1    | XOM: give mutation
 25604 | Elf:1    | Lost mutation: You have an increased reservoir of magic. (+10% MP) [Xom's mischief]
 25623 | Elf:1    | XOM: summons 1 hostile demon
 25638 | Elf:1    | XOM: harmless Fire miscast
 25647 | Elf:1    | Found Faggugh's Distillery.
 25647 | Elf:1    | Found Peohisku's Armour Emporium.
 25655 | Elf:1    | Bought a potion of ambrosia for 136 gold pieces
 25655 | Elf:1    | Bought a potion of curing for 51 gold pieces
 25655 | Elf:1    | Bought a potion of heal wounds for 85 gold pieces
 25747 | Elf:1    | XOM: harmless Tloc miscast
 25905 | Elf:1    | XOM: divination: detect items
 26068 | Elf:2    | XOM: scenery: 1 doors open
 26073 | Elf:2    | Noticed Agnes
 26092 | Elf:2    | Killed Agnes
 26182 | Elf:2    | XOM: summons friendly ufetubus
 26201 | Elf:2    | XOM: summons friendly shadow imp
 26266 | Elf:2    | Found a huge runed gate.
 26266 | Elf:2    | Found a huge runed gate.
 26266 | Elf:2    | Found a huge runed gate.
 26272 | Elf:2    | Found a huge runed gate.
 26272 | Elf:2    | Found a huge runed gate.
 26349 | Elf:2    | Got an ancient lead amulet
 26351 | Elf:2    | XOM: divination: detect creatures
 26354 | Elf:2    | XOM: summons 5 hostile demons
 26414 | Elf:2    | Found a deep blue altar of Sif Muna.
 26638 | Elf:3    | Entered Level 3 of the Elven Halls
 26649 | Elf:3    | Found the +7 Kryia's mail coat {PotionHeal*2 rC+}
 26652 | Elf:3    | Noticed a deep elf master archer
 26652 | Elf:3    | Noticed a deep elf master archer
 26653 | Elf:3    | Noticed a deep elf blademaster
 26655 | Elf:3    | Noticed a deep elf blademaster
 26885 | Elf:3    | Noticed Bai Suzhen
 26897 | Elf:3    | Killed Bai Suzhen
 27093 | Elf:3    | Noticed Aizul
 27104 | Elf:3    | XOM: potion effect (invisibility)
 27120 | Elf:3    | Killed Aizul
 27441 | Elf:3    | Killed a deep elf blademaster
 27441 | Elf:3    | XOM: silly message
 27523 | Elf:2    | XOM: harmless Necr miscast
 27567 | Elf:3    | Reached XP level 17. HP: 231/231 MP: 21/21
 27597 | Elf:3    | XOM: confuse monster(s)
 27656 | Elf:3    | Got a dazzling shield
 27667 | Elf:3    | Identified the +2 shield of Indomitability {+Inv} (You took it off a deep elf sorcerer on level 3 of the Elven Halls)
 27734 | Elf:3    | XOM: confuse monster(s)
 27745 | Elf:3    | Killed a deep elf blademaster
 27916 | Elf:3    | XOM: chaos upgrade
 27917 | Elf:3    | Noticed a Brimstone Fiend
 27939 | Elf:3    | Noticed an Ice Fiend
 28163 | Elf:3    | XOM: divination: detect creatures
 28198 | Elf:3    | XOM: harmless Summ miscast
 28246 | Elf:3    | XOM: potion effect (invisibility)
 28272 | Elf:3    | Got a thick robe
 28273 | Elf:3    | Identified the amulet "Oneocu Wigu" {Acrobat +Inv rPois Stlth+} (You found it on level 2 of the Elven Halls)
 28284 | Elf:3    | Identified the cursed +0 robe of the Pit {Int+2} (You took it off a deep elf death mage on level 3 of the Elven Halls)
 28377 | Elf:3    | XOM: destruction
 28386 | Elf:3    | Killed a deep elf master archer
 28544 | Elf:3    | Identified the Collected Works on Necromancy and Clay
 28588 | Elf:3    | Got a faintly glowing hand crossbow
 28614 | Elf:3    | Got an ancient pewter amulet
 28622 | Elf:3    | Identified the +4 hand crossbow "Troll's Peril" {elec, rN+ Str+3} (You found it on level 3 of the Elven Halls)
 28774 | Elf:1    | Bought a potion of mutation for 136 gold pieces
 28774 | Elf:1    | Bought a potion of mutation for 136 gold pieces
 28774 | Elf:1    | Bought a potion of mutation for 136 gold pieces
 28774 | Elf:1    | Bought a potion of might for 68 gold pieces
 28821 | Orc:2    | Bought a ration for 70 gold pieces
 28821 | Orc:2    | Bought 2 scrolls of teleportation for 84 gold pieces
 29127 | Swamp:1  | Entered Level 1 of the Swamp
 29258 | Swamp:1  | XOM: medium Ice miscast
 29361 | Swamp:1  | XOM: confusion
 29505 | Swamp:1  | XOM: 6-stop teleportation journey
 29676 | Swamp:1  | XOM: 9-stop teleportation journey
 29682 | Swamp:1  | XOM: enchant monster (good)
 29975 | Swamp:2  | XOM: 2-stop teleportation journey
 30037 | Swamp:2  | XOM: confusion
 30621 | Swamp:3  | Identified the amulet "Hutihokh" {+Rage Int+3} (You found it on level 3 of the Elven Halls)
 30628 | Swamp:3  | Found a frozen archway.
 30628 | Swamp:3  | XOM: 3-stop teleportation journey
 30646 | Swamp:3  | XOM: summons 3 hostile shadow creatures
 30664 | IceCv    | Entered an ice cave
 30950 | IceCv    | XOM: draining
 31026 | IceCv    | Reached skill level 10 in Earth Magic
 31289 | IceCv    | XOM: summons 2 hostile demons
 31364 | IceCv    | Found the -2 hat of the Alchemist {rElec rPois rF+ rC+ rN+ MR+ rMut rCorr}
 31365 | IceCv    | Identified Himijydgh's Almanac of the Rocks and the Frostbite
 31569 | Swamp:3  | XOM: blink monster(s)
 31717 | Swamp:3  | XOM: chaos cloud
 31829 | Swamp:3  | XOM: medium Air miscast
 32122 | Swamp:4  | Entered Level 4 of the Swamp
 32178 | Swamp:3  | XOM: scenery: create altars
 32309 | Swamp:4  | XOM: smoke on damage
 32322 | Swamp:3  | XOM: divination: detect creatures
 32326 | Swamp:3  | Reached skill level 5 in Spellcasting
 32328 | Swamp:3  | XOM: confuse monster(s)
 32491 | Swamp:4  | XOM: destruction
 32496 | Swamp:4  | XOM: fog
 32502 | Swamp:4  | Reached XP level 18. HP: 204/244 MP: 24/24
 32508 | Swamp:4  | XOM: destruction
 32517 | Swamp:4  | XOM: medium Erth miscast
 32643 | Swamp:3  | XOM: fog
 32975 | Swamp:4  | Got a decaying rune of Zot
 32994 | Swamp:4  | Noticed Louise
 33010 | Swamp:4  | XOM: scenery: create altars
 33019 | Swamp:4  | Killed Louise
 33712 | Lair:2   | Upgraded the game from 0.22-a0-448-g1fb7470 to 0.22-a0-455-ga0624bf
 33735 | Spider:1 | Entered Level 1 of the Spider Nest
 33742 | Spider:1 | XOM: fog
 33794 | Spider:1 | Noticed sexinstructor's ghost (journeyman DDFi)
 33800 | Spider:1 | XOM: harmless Chrm miscast
 33802 | Lair:2   | XOM: enchant monster (bad)
 33870 | Lair:2   | XOM: give mutations
 33870 | Lair:2   | Gained mutation: You are dopey. (Int -2) [Xom's mischief]
 33870 | Lair:2   | Lost mutation: You are resistant to hostile enchantments. (MR+) [Xom's mischief]
 33870 | Lair:2   | Lost mutation: You are dopey. (Int -2) [Xom's mischief]
 33935 | Spider:1 | Killed sexinstructor's ghost
 33949 | Spider:1 | XOM: noise
 34161 | Spider:1 | XOM: noise
 34453 | Spider:1 | XOM: divination: magic mapping
 35114 | Spider:2 | XOM: scenery: create altars
 35142 | Spider:2 | XOM: potion effect (curing)
 35499 | Spider:1 | XOM: summons friendly iron imp
 35514 | Spider:1 | XOM: summons 1 hostile shadow creature
 35552 | Spider:1 | XOM: give mutation
 35552 | Spider:1 | Gained mutation: Your spells are a little harder to cast, but a little more powerful. [Xom's grace]
 35813 | Spider:1 | Paralysed by a hornet for 2 turns
 35817 | Spider:1 | XOM: polymorph moth of wrath -> death drake
 36149 | Spider:1 | XOM: god gift: 590 gold pieces
 36170 | Spider:2 | XOM: confuse monster(s)
 36265 | Spider:2 | XOM: god gift: runed cloak {god gift}
 36293 | Spider:1 | XOM: fog
 36846 | Spider:2 | XOM: scenery: create altars
 36850 | Spider:2 | XOM: fog
 37032 | Spider:1 | XOM: cloud trail
 37247 | Spider:2 | XOM: god gift: 35 gold pieces
 37440 | Spider:2 | XOM: give mutation
 37440 | Spider:2 | Gained mutation: You have a pair of horns on your head. [Xom's grace]
 37593 | Spider:3 | XOM: potion effect (curing)
 37793 | Spider:3 | Reached skill level 10 in Transmutations
 37839 | Spider:3 | XOM: destruction
 37852 | Spider:3 | XOM: 1-stop teleportation journey
 37962 | Spider:3 | XOM: 4-stop teleportation journey
 38073 | Spider:3 | XOM: god gift: potion of berserk rage
 38145 | Spider:3 | XOM: give mutations
 38145 | Spider:3 | Gained mutation: You are agile. (Dex +2) [Xom's grace]
 38145 | Spider:3 | Gained mutation: You heal very quickly. [Xom's grace]
 38145 | Spider:3 | Gained mutation: You are partially covered in icy blue scales. (AC +2) [Xom's grace]
 38249 | Spider:3 | XOM: summons 13 friendly demons
 38295 | Spider:3 | XOM: give mutations
 38295 | Spider:3 | Gained mutation: Your muscles are strong. (Str +2) [Xom's grace]
 38295 | Spider:3 | Gained mutation: You passively map a small area around you. [Xom's grace]
 38295 | Spider:3 | Gained mutation: Your flesh is almost immune to the effects of cold. (rC+++) [Xom's grace]
 38507 | Spider:4 | Entered Level 4 of the Spider Nest
 38580 | Spider:4 | XOM: god gift: sack of spiders
 38757 | Spider:4 | XOM: summons friendly neqoxec
 38758 | Spider:4 | XOM: give mutations
 38758 | Spider:4 | Gained mutation: Your mind is acute. (Int +2) [Xom's grace]
 38758 | Spider:4 | Gained mutation: You have supernaturally acute eyesight. (SInv) [Xom's grace]
 38793 | Spider:4 | Reached XP level 19. HP: 249/256 MP: 27/27
 38841 | Spider:4 | Noticed EvilAshe's ghost (adept HuWz)
 38855 | Spider:4 | Killed EvilAshe's ghost
 38930 | Spider:4 | XOM: destruction
 38939 | Spider:4 | XOM: divination: magic mapping
 38958 | Spider:4 | XOM: enchant monster (good)
 39146 | Spider:4 | XOM: medium Fire miscast
 39314 | Spider:4 | XOM: stat loss: -1 Dex (19/20)
 39429 | Spider:4 | XOM: polymorph orb spider -> wind drake
 39456 | Spider:4 | XOM: blink monster(s)
 39467 | Spider:4 | XOM: polymorph emperor scorpion -> sphinx
 39545 | Spider:4 | Got a gossamer rune of Zot
 39758 | Lair:2   | XOM: swap monsters
 39762 | Lair:2   | XOM: summons 9 hostile demons
 40027 | Vaults:1 | Entered Level 1 of the Vaults
 40121 | Vaults:1 | XOM: noise
 40137 | Vaults:1 | XOM: polymorph stone giant -> azure jelly
 40224 | Vaults:1 | XOM: mild Conj miscast
 40258 | Vaults:1 | XOM: chaos upgrade
 40278 | Vaults:1 | Reached skill level 5 in Dodging
 40345 | Vaults:1 | Found Zaacom's Book Shoppe.
 40345 | Vaults:1 | XOM: 4-stop teleportation journey
 40357 | Vaults:1 | XOM: chaos upgrade
 40359 | Vaults:1 | XOM: scenery: 1 doors open
 40362 | Vaults:1 | XOM: summons 1 hostile demon
 40366 | Vaults:1 | XOM: polymorph crimson imp -> iron imp
 40430 | Vaults:1 | XOM: harmless Erth miscast
 40646 | Vaults:1 | XOM: 2-stop teleportation journey
 40667 | Vaults:1 | XOM: draining
 40708 | Vaults:1 | XOM: enchant monster (bad)
 40714 | Vaults:1 | XOM: summons 12 friendly demons
 40728 | Vaults:1 | Paralysed by a hornet for 2 turns
 40780 | Vaults:1 | XOM: summons 2 friendly demons
 40840 | Vaults:1 | XOM: polymorph orb spider -> queen bee
 40850 | Vaults:1 | XOM: divination: detect items
 40862 | Vaults:1 | XOM: potion effect (agility)
 40905 | Vaults:1 | XOM: enchant monster (good)
 40983 | Vaults:1 | XOM: cast spell 'Monstrous Menagerie'
 41031 | Vaults:1 | XOM: summons friendly quasit
 41056 | Vaults:1 | XOM: summons friendly iron imp
 41191 | Vaults:1 | XOM: confuse monster(s)
 41297 | Vaults:1 | XOM: summons 2 friendly demons
 41300 | Vaults:1 | XOM: medium Summ miscast
 41331 | Vaults:1 | XOM: blink monster(s)
 41358 | Vaults:1 | XOM: potion effect (brilliance)
 41411 | Vaults:1 | XOM: scenery: 1 doors close
 41413 | Vaults:1 | XOM: potion effect (berserk rage)
 41496 | Vaults:1 | Reached skill level 17 in Unarmed Combat
 41523 | Vaults:1 | XOM: cast spell 'Summon Mana Viper'
 41559 | Vaults:1 | XOM: smoke on damage
 41562 | Vaults:1 | XOM: potion effect (heal wounds)
 41597 | Vaults:1 | XOM: chaos upgrade
 41598 | Vaults:1 | XOM: summons 3 hostile demons
 41752 | Vaults:1 | Reached XP level 20. HP: 248/270 MP: 28/28
 41989 | Vaults:2 | Reached skill level 10 in Shields
 42264 | Vaults:2 | XOM: polymorph hornet -> spiny frog
 42278 | Vaults:2 | XOM: enchant monster (good)
 42284 | Vaults:2 | XOM: divination: detect items
 42320 | Vaults:2 | XOM: confuse monster(s)
 42328 | Vaults:2 | XOM: divination: detect items
 42331 | Vaults:2 | XOM: potion effect (might)
 42558 | Vaults:2 | XOM: potion effect (brilliance)
 42616 | Vaults:2 | XOM: potion effect (invisibility)
 42697 | Vaults:2 | XOM: confuse monster(s)
 42714 | Vaults:2 | XOM: potion effect (berserk rage)
 42806 | Vaults:2 | XOM: blink monster(s)
 42874 | Vaults:2 | XOM: 2-stop teleportation journey
 42883 | Vaults:2 | Learned a level 5 spell: Borgnjor's Vile Clutch
 43140 | Vaults:2 | Noticed a bone dragon
 43147 | Vaults:2 | Killed a bone dragon
 43148 | Vaults:2 | Found a staircase to the Crypt.
 43372 | Vaults:2 | XOM: give mutations
 43372 | Vaults:2 | Gained mutation: You have sharp toenails. [Xom's grace]
 43372 | Vaults:2 | Gained mutation: Your mind is very acute. (Int +4) [Xom's grace]
 43372 | Vaults:2 | Gained mutation: You are resistant to electric shocks. (rElec) [Xom's grace]
 43416 | Vaults:2 | XOM: divination: detect creatures
 43438 | Vaults:2 | XOM: scenery: 1 doors close
 43500 | Vaults:3 | Reached skill level 15 in Fighting
 43512 | Vaults:3 | XOM: mild Chrm miscast
 43516 | Vaults:3 | XOM: torment (242/354 hp)
 43522 | Vaults:3 | XOM: smoke on damage
 43584 | Vaults:3 | Reached skill level 18 in Unarmed Combat
 43682 | Vaults:3 | XOM: noise
 43798 | Vaults:3 | XOM: confusion
 43810 | Vaults:3 | XOM: give mutation
 43810 | Vaults:3 | Lost mutation: You are extremely robust. (+30% HP) [Xom's mischief]
 43934 | Vaults:3 | XOM: give mutation
 43934 | Vaults:3 | Lost mutation: You are very robust. (+20% HP) [Xom's mischief]
 43963 | Vaults:3 | XOM: polymorph ogre mage -> slime creature
 44234 | Vaults:3 | XOM: give mutations
 44234 | Vaults:3 | Lost mutation: You can translocate small distances at will. [Xom's mischief]
 44234 | Vaults:3 | Lost mutation: You passively map a small area around you. [Xom's mischief]
 44234 | Vaults:3 | Lost mutation: You are robust. (+10% HP) [Xom's mischief]
 44234 | Vaults:3 | Lost mutation: Your spells are a little harder to cast, but a little more powerful. [Xom's mischief]
 44322 | Vaults:3 | XOM: harmless Hex miscast
 44347 | Vaults:3 | XOM: silly message
 44535 | Vaults:4 | XOM: enchant monster (bad)
 44594 | Vaults:4 | XOM: give mutations
 44594 | Vaults:4 | Lost mutation: You are agile. (Dex +2) [Xom's mischief]
 44594 | Vaults:4 | Lost mutation: Your muscles are strong. (Str +2) [Xom's mischief]
 44594 | Vaults:4 | Lost mutation: Your mind is very acute. (Int +4) [Xom's mischief]
 44625 | Vaults:4 | Reached XP level 21. HP: 219/219 MP: 29/29
 44823 | Vaults:4 | XOM: summons 1 hostile demon
 44831 | Vaults:4 | XOM: confusion
 44849 | Vaults:4 | Reached skill level 19 in Unarmed Combat
 44859 | Vaults:4 | XOM: 2-stop teleportation journey
 44899 | Vaults:4 | XOM: summons friendly shadow imp
 44916 | Vaults:4 | XOM: 2-stop teleportation journey
 44970 | Vaults:4 | XOM: scenery: 1 doors close
 45000 | Vaults:4 | Found Monotop's Assorted Antiques.
 45015 | Vaults:4 | Bought a scroll of identify for 46 gold pieces
 45015 | Vaults:4 | Bought an ancient silver ring for 115 gold pieces
 45015 | Vaults:4 | Bought a scroll of fog for 46 gold pieces
 45015 | Vaults:4 | Bought a scroll of identify for 46 gold pieces
 45015 | Vaults:4 | Bought a scroll labeled APREQO TUSTIE for 23 gold pieces
 45016 | Vaults:4 | Identified the ring of Cetuwn {Str+2 Dex-4 Slay+3 Stlth+} (You bought it in a shop on level 4 of the Vaults)
 45188 | Vaults:4 | XOM: enchant monster (good)
 45246 | Vaults:4 | XOM: god gift: wand of enslavement (7)
 45397 | Vaults:4 | XOM: divination: magic mapping
 45520 | Vaults:4 | XOM: scenery: 1 doors open
 45595 | Vaults:5 | Entered Level 5 of the Vaults
 45647 | Vaults:5 | XOM: confuse monster(s)
 45652 | Vaults:5 | XOM: harmless Summ miscast
 45676 | Vaults:5 | XOM: confuse monster(s)
 45705 | Vaults:5 | XOM: summons 3 friendly demons
 45716 | Vaults:5 | XOM: confuse monster(s)
 45729 | Vaults:5 | Reached skill level 20 in Unarmed Combat
 45739 | Vaults:5 | XOM: enchant monster (good)
 45826 | Vaults:5 | XOM: harmless Necr miscast
 45843 | Vaults:5 | Got a slimy tin ring
 45864 | Vaults:5 | XOM: give mutations
 45864 | Vaults:5 | Lost mutation: Your mind is acute. (Int +2) [Xom's mischief]
 45864 | Vaults:5 | Lost mutation: Your flesh is almost immune to the effects of cold. (rC+++) [Xom's mischief]
 45864 | Vaults:5 | Gained mutation: Your magical capacity is low. (-10% MP) [Xom's mischief]
 45864 | Vaults:5 | Lost mutation: You have supernaturally acute eyesight. (SInv) [Xom's mischief]
 45864 | Vaults:5 | Gained mutation: Scrolls take you a little longer to read. [Xom's mischief]
 45873 | Vaults:5 | Identified the ring of Trepidation {rF+ rN+ Str+2 Dex-4} (You found it on level 5 of the Vaults)
 45988 | Vaults:5 | Reached XP level 22. HP: 234/234 MP: 21/26
 45998 | Vaults:5 | XOM: mild Fire miscast
 46006 | Vaults:5 | XOM: summons 12 friendly demons
 46011 | Vaults:5 | XOM: summons 5 friendly demons
 46057 | Vaults:5 | XOM: noise
 46065 | Vaults:5 | XOM: harmless Conj miscast
 46135 | Vaults:5 | XOM: polymorph stone giant -> alligator snapping turtle
 46138 | Vaults:5 | XOM: divination: detect items
 46147 | Vaults:5 | XOM: summons friendly shadow imp
 46259 | Vaults:5 | XOM: enchant monster (good)
 46271 | Vaults:5 | Got a pitted large shield
 46273 | Vaults:5 | Identified Papuofy's Catalogue of Vitriolic Darkness
 46278 | Vaults:5 | Identified the cursed +0 large shield "Muddi" {Int+4} (You found it on level 5 of the Vaults)
 46294 | Vaults:5 | XOM: 2-stop teleportation journey
 46313 | Vaults:5 | Got a silver rune of Zot
 46416 | Vaults:5 | XOM: divination: detect creatures
 46475 | Vaults:5 | XOM: confuse monster(s)
 46600 | Vaults:5 | Identified Sif Muna's Handbook of Toxins and Execration
 46768 | Vaults:5 | XOM: divination: detect creatures
 47350 | Vaults:3 | XOM: harmless Ice miscast
 47433 | Vaults:2 | XOM: silly message
 47492 | Vaults:3 | XOM: mild Pois miscast
 47622 | Vaults:3 | XOM: confusion (+ monsters)
 47685 | Vaults:2 | XOM: mild Tmut miscast
 47781 | Depths:1 | Entered Level 1 of the Depths
 47790 | Depths:1 | Noticed the Enchantress
 47796 | Depths:1 | XOM: smoke on damage
 47809 | D:15     | XOM: harmless Tmut miscast
 47834 | D:15     | XOM: blink monster(s)
 47840 | D:15     | XOM: swap monsters
 47858 | D:15     | Killed the Enchantress
 47866 | D:15     | Identified the +7 faerie dragon scales {rElec rCorr} (You took it off the Enchantress on level 15 of the Dungeon)
 47958 | D:15     | XOM: give mutations
 47958 | D:15     | Lost mutation: You are resistant to electric shocks. (rElec) [Xom's mischief]
 47958 | D:15     | Lost mutation: You have a pair of horns on your head. [Xom's mischief]
 47958 | D:15     | Gained mutation: You are weak. (Str -2) [Xom's mischief]
 48202 | D:15     | XOM: harmless Tmut miscast
 48515 | Depths:1 | Reached XP level 23. HP: 249/249 MP: 24/28
 48556 | Depths:1 | Found Facuif's Distillery.
 48573 | Depths:1 | Got a translucent large shield
 48586 | Depths:1 | XOM: give mutations
 48586 | Depths:1 | Gained mutation: You are frail. (-10% HP) [Xom's mischief]
 48586 | Depths:1 | Lost mutation: You have a pair of small horns on your head. [Xom's mischief]
 48586 | Depths:1 | Gained mutation: Scrolls take you longer to read. [Xom's mischief]
 48586 | Depths:1 | Lost mutation: You are weak. (Str -2) [Xom's mischief]
 48589 | Depths:1 | Bought 2 potions of curing for 102 gold pieces
 48589 | Depths:1 | Bought a potion of curing for 51 gold pieces
 48589 | Depths:1 | Bought a potion of curing for 51 gold pieces
 48589 | Depths:1 | Bought a potion of curing for 51 gold pieces
 48589 | Depths:1 | Bought a potion of curing for 51 gold pieces
 48589 | Depths:1 | Bought a potion of resistance for 170 gold pieces
 48637 | Depths:1 | Found a snail-covered altar of Cheibriados.
 48643 | Depths:1 | Found a shattered altar of Ashenzari.
 48725 | Depths:1 | Found a gateway to Hell.
 48789 | Depths:1 | XOM: give mutations
 48789 | Depths:1 | Lost mutation: Your magical capacity is low. (-10% MP) [Xom's mischief]
 48789 | Depths:1 | Lost mutation: You are frail. (-10% HP) [Xom's mischief]
 48789 | Depths:1 | Gained mutation: Your body sometimes deteriorates upon taking damage. [Xom's mischief]
 48789 | Depths:1 | Lost mutation: You have sharp toenails. [Xom's mischief]
 48855 | Depths:1 | Found Ynadom's Distillery.
 48864 | Depths:1 | Bought a potion of haste for 210 gold pieces
 48864 | Depths:1 | Bought a potion of heal wounds for 105 gold pieces
 48864 | Depths:1 | Bought a potion of cancellation for 168 gold pieces
 48864 | Depths:1 | Bought a potion of heal wounds for 105 gold pieces
 48864 | Depths:1 | Bought a potion of heal wounds for 105 gold pieces
 48868 | Depths:1 | Identified the +4 large shield "Diopea" {-Tele MR+ Str+2} (You found it on level 1 of the Depths)
 48870 | Depths:1 | Found Vieg's Magic Scroll Shoppe.
 48876 | Depths:1 | Found Jufaj's Book Boutique.
 48876 | Depths:1 | Found Tidez's Jewellery Boutique.
 48879 | Depths:1 | Bought a scroll of fog for 24 gold pieces
 48879 | Depths:1 | Bought a scroll of blinking for 90 gold pieces
 48879 | Depths:1 | Bought a scroll of fear for 42 gold pieces
 48879 | Depths:1 | Bought a scroll of teleportation for 36 gold pieces
 48879 | Depths:1 | Bought a scroll of fear for 42 gold pieces
 48905 | Depths:1 | XOM: noise
 49124 | Depths:2 | Found Vemavuneick's Jewellery Shop.
 49158 | Depths:2 | Bought the amulet of Xom's Sleight of Hands {Reflect +Blink MR+ Int+4 Dex-4 SH+3} for 600 gold pieces
 49164 | Depths:2 | Learned a level 2 spell: Blink
 49191 | Depths:2 | XOM: 1-stop teleportation journey
 49282 | Depths:2 | Found Rizxuj's Book Emporium.
 49327 | Depths:2 | XOM: confusion
 49333 | Depths:2 | XOM: chaos upgrade
 49343 | Depths:2 | XOM: blink monster(s)
 49344 | Depths:2 | XOM: summons 2 friendly demons
 49355 | Depths:2 | XOM: blink monster(s)
 49595 | Depths:2 | XOM: harmless Fire miscast
 49622 | Depths:2 | Noticed Saint Roka
 49661 | Depths:2 | XOM: severe Necr miscast
 49687 | Depths:2 | Found Woyqogoo's Assorted Antiques.
 49690 | Depths:2 | Bought a potion of mutation for 192 gold pieces
 49690 | Depths:2 | Bought a scroll of teleportation for 72 gold pieces
 49690 | Depths:2 | Bought a scroll of identify for 48 gold pieces
 49748 | Depths:2 | XOM: silly message
 49831 | Depths:2 | Found Warphymyl's Antique Weapon Emporium.
 49941 | Depths:2 | Found Sezerroq's Food Shop.
 49960 | Depths:2 | Bought a ration for 55 gold pieces
 49960 | Depths:2 | Bought a ration for 55 gold pieces
 49960 | Depths:2 | Bought a ration for 55 gold pieces
 49960 | Depths:2 | Bought a ration for 55 gold pieces
 49960 | Depths:2 | Bought a ration for 55 gold pieces
 49960 | Depths:2 | Bought a ration for 55 gold pieces
 49960 | Depths:2 | Bought a ration for 55 gold pieces
 49960 | Depths:2 | Bought a ration for 55 gold pieces
 49960 | Depths:2 | Bought a ration for 55 gold pieces
 49960 | Depths:2 | Bought a ration for 55 gold pieces
 49960 | Depths:2 | Bought a ration for 55 gold pieces
 49960 | Depths:2 | Bought a ration for 55 gold pieces
 50219 | Depths:2 | Killed Saint Roka
 50629 | Depths:3 | Noticed Jory
 50639 | Depths:3 | Killed Jory
 50787 | Depths:3 | XOM: summons friendly ufetubus
 50792 | Depths:3 | Noticed Mennas
 50822 | Depths:3 | HP: 5/323 [Mennas/trishula of holy wrath (21)]
 50822 | Depths:3 | Slain by a yaktaur

Vault maps used:
D:1:      nicolae_arrival_washed_ashore
D:2:      amethyst_overflow_temple_binary, overflow_temple_1_default,
          tso_metal_star, uniq_sigmund, uniq_jessica
D:3:      first_ration, minmay_misc_feat_tower
D:4:      temple_pool_b
D:5:      overflow_temple_1_default, minivault_27, st_stairs_3,
          kennysheep_generic_room_3
D:6:      old_standard_altar, kennysheep_little_box, lemuel_crystal_altar,
          serial_shops, shop, nicolae_dithmenos_through_a_glass_darkly
D:7:      bloody_trog, serial_shops, shop, grunt_livestock, lemuel_oklob_altar
D:8:      fiery_altar_vehumet, uniq_pikel
D:9:      grunt_qazlal_clouds, minmay_lair_entry_lava
D:10:     serial_ice, serial_ice_m, serial_ice_c, serial_ice_n, serial_ice_e,
          serial_ice_a, serial_ice_h, serial_ice_l, serial_ice_d, serial_ice_f,
          serial_ice_o, st_stairs_10, nicolae_ru_sacrificial_ziggurat,
          uniq_sonja
D:11:     kb_forest_paths, david_orc_5
D:12:     basic_altar, uniq_gastronok, uniq_kirke
D:13:     uniq_azrael
D:14:     grunt_vaults_entry_fortified, kennysheep_minor_cross,
          small_chamber_with_monster
D:15:     hangedman_depths_entry_civil_slaughter, minivault_20, minivault_7
Lair:1:   enter_volcano_4, minmay_lair_oklob_chamber, lemuel_fruit_tree
Lair:2:   spider_nest_entry_funnel_web, uniq_urug
Lair:3:   lemuel_centaur_altar
Lair:4:   nicolae_swamp_entry_splash_gauntlet, lab_entry_generic,
          serial_bayou_pond_b, infiniplex_staircase_pool_2
Lair:5:   uniq_rupert
Lair:6:   guppyfry_lair_end_dragon, hangedman_lair_in_review,
          dpeg_slime_entry_enclosed_altar
Swamp:1:  hangedman_swamp_ruin_hall
Swamp:2:  evilmike_swamp_ruin_house_4
Swamp:3:  portal_ice_cave_entry_ice_statue_two, serial_swamp_ruin,
          evilmike_swamp_ruin_rubble_2, evilmike_swamp_ruin_house_3
Swamp:4:  swamp_alternative, swamp_pool1, uniq_louise
Spider:2: spider_trap, worms_lemuel
Spider:4: grunt_spider_rune_circles
Orc:1:    nicolae_orc_accident_3, minmay_orc_keep
Orc:2:    pf_orc_diabolical, serial_shops, nicolae_shop_crystal, uniq_josephine
Elf:1:    portal_desolation_entry_holy_temple, minivault_28, minmay_shoptagon
Elf:2:    basic_altar, sword_in_stone, uniq_nikola
Elf:3:    grunt_elf_hall_asides, grunt_ministairs_6, nicolae_elf_v_pinch,
          hangedman_elven_ridges, uniq_mara, uniq_aizul, uniq_bai_suzhen
Vaults:1: vaults_mumra_hex, nicolae_vaults_little_squares_5,
          vaults_mumra_minichess, vaults_room_corners, v_misc_9,
          nicolae_vaults_meeting, ontoclasm_vaults_spin, hangedman_vaults_maws,
          vaults_room_pools, vaults_dpeg_hooks, serial_shops,
          nicolae_shop_crystal
Vaults:2: hangedman_vaults_corner, v_misc_5, vaults_room_door_ring,
          hangedman_vaults_locks, hangedman_vaults_nodes,
          nicolae_vaults_triangles, v_misc_9, ontoclasm_vaults_idyll,
          minmay_crypt_entry_nasty_monster, vaults_room_door_ring,
          ontoclasm_vaults_decontamination, ontoclasm_vaults_gateway
Vaults:3: v_misc_33, v_rooms_2, hangedman_vaults_impose, vaults_mumra_hexcomb,
          v_misc_8, hangedman_vaults_hat, nicolae_vaults_shelves_hall,
          ontoclasm_vaults_ligature, ontoclasm_vaults_misaligned,
          nicolae_vaults_little_squares_6, nicolae_vaults_specimen_jars,
          nicolae_vaults_little_squares_3, vaults_dpeg_ring, serial_ice_b,
          st_lattice, nicolae_vaults_yaktaur_gun_rack, ontoclasm_vaults_fault
Vaults:4: v_pattern_5, vaults_room_guarded_vault, v_misc_10,
          ontoclasm_vaults_pinch, nicolae_vaults_network_periphery,
          hangedman_vaults_slither, v_misc_25, v_misc_14, vaults_dpeg_doors,
          dpeg_vaults_monster_box, serial_shops, nicolae_shop_behind_doors
Depths:1: cheibriados_altar_1, serial_shops, shop, shop, shop,
          nicolae_shop_crystal, shop_fountains, hangedman_coc_ice_floe,
          minmay_misc_feat_pillars, ashenzari_altar_1, uniq_enchantress
Depths:2: onia_ninara_swampy_vault, serial_sigils, serial_sigils_hangedman_scar,
          serial_sigils_hangedman_scratch, serial_sigils_hangedman_gnaw,
          serial_sigils_hangedman_confine, serial_sigils_hangedman_snap,
          hell_entry, pan_entry, serial_shops, shop, shop,
          nicolae_shop_window_shopping, kennysheep_mini_moat, shop,
          minmay_misc_feat_four_crosses, dk_noncrumbling_3, uniq_saint_roka
Depths:3: kennysheep_demon_jail, serial_glass, glass_columns_a, glass_columns_b,
          glass_columns_a, serial_shops, nicolae_shop_behind_doors,
          nicolae_shop_temple_entry_statues_fountains, pf_hell_entry_tar_spiral,
          rand_demon_pan_entry_1, uniq_jory, uniq_mennas
IceCv:    ice_cave_caverns_03
Volcano:  volcano_caves

Skill      XL: |  1  2  3  4  5  6  7  8  9 10 11 12 13 14 15 16 17 18 19 20 21 22 23 |
---------------+----------------------------------------------------------------------+-----
Dodging        | 2 3 4 5 6 |  6.0
Unarmed Combat | 4 5 6 7 9 10 11 12 13 14 15 16 17 18 20 | 20.0
Fighting       | 3 4 5 6 7 8 9 10 12 13 14 15 16 18 | 18.8
Shields        | 1 3 4 6 7 9 11 12 13 | 13.9
Throwing       | 3 6 8 |  8.0
Armour         | 4 5 |  5.0
Evocations     | 3 4 5 |  5.0
Earth Magic    | 5 8 10 13 14 | 14.0
Transmutations | 4 7 9 10 11 | 11.0
Spellcasting   | 2 3 5 6 7 |  7.0

Action                   |  1- 3 |  4- 6 |  7- 9 | 10-12 | 13-15 | 16-18 | 19-21 | 22-24 || total
-------------------------+-------+-------+-------+-------+-------+-------+-------+-------++-------
Melee: Unarmed           |    69 |   165 |   351 |   780 |  1403 |  1727 |  1522 |   686 ||  6703
       Punch             |     1 |     2 |     1 |       |       |       |       |       ||     4
       Headbutt          |       |       |       |   111 |   325 |   456 |   486 |    86 ||  1464
       Whip              |       |       |       |     4 |    17 |    36 |       |       ||    57
       Kick              |       |       |       |       |       |       |   224 |   117 ||   341
 Fire: Blowgun           |       |       |       |     3 |       |       |       |       ||     3
Throw: Tomahawk          |       |     2 |       |       |       |       |       |       ||     2
       Large rock        |       |       |       |       |    24 |    64 |     7 |     1 ||    96
       Javelin           |       |       |       |       |     2 |     6 |       |       ||     8
 Cast: Statue Form       |       |       |       |       |       |       |    22 |    29 ||    51
 Abil: Evoke Invisibilit |       |       |       |       |       |     3 |     1 |     3 ||     7
       Blink             |       |       |       |       |       |     4 |       |       ||     4
Evoke: Wand              |       |       |     4 |    10 |    17 |    44 |       |       ||    75
       Lamp of fire      |       |       |       |       |     1 |     4 |     2 |       ||     7
       Phial of floods   |       |       |       |       |       |     1 |       |       ||     1
  Use: Scroll            |       |     6 |     4 |    13 |    12 |    32 |    16 |    12 ||    95
       Potion            |       |       |       |     4 |     7 |    14 |     8 |     6 ||    39
 Stab: Sleeping          |     1 |     1 |     1 |     2 |     2 |     2 |     1 |       ||    10
       Distracted        |       |       |       |     3 |     4 |     4 |     6 |     3 ||    20
       Confused          |       |       |       |     3 |     2 |     1 |     3 |       ||     9
       Paralysed         |       |       |       |     1 |       |     3 |       |       ||     4
       Invisible         |       |       |       |       |       |    15 |    12 |     5 ||    32
       Petrifying        |       |       |       |       |       |     1 |       |       ||     1
       Petrified         |       |       |       |       |       |       |       |     1 ||     1
  Eat: Chunk             |     3 |    16 |    47 |    88 |    84 |    91 |    80 |    56 ||   465
       Ration            |       |       |     1 |     2 |     2 |    12 |     2 |     3 ||    22
Armor: Robe              |    24 |    64 |   118 |   110 |       |       |    27 |    21 ||   364
       Troll leather arm |       |       |       |    50 |   314 |    74 |       |       ||   438
       Swamp dragon scal |       |       |       |       |       |    10 |       |       ||    10
       Pearl dragon scal |       |       |       |       |       |   933 |   252 |       ||  1185
       Skin              |       |       |       |       |       |       |   161 |   546 ||   707
Dodge: Dodged            |    31 |    80 |   134 |   234 |   370 |   907 |   539 |   413 ||  2708
Block: Other             |       |     4 |     7 |       |       |       |       |       ||    11
       Shield            |       |       |   178 |   408 |   845 |  1362 |   946 |   756 ||  4495
       Reflection        |       |       |     4 |    13 |    56 |    26 |       |     7 ||   106

Table legend:
 A = Spawn XP
 B = Non-spawn XP
 C = Spawn XP percentage of total XP
 D = Spawn monster count
 E = Non-spawn monster count
 F = Spawn count percentage of total count
 G = Total turns spent on level
                    A         B        C        D         E        F      G
               +---------+---------+-------+---------+---------+-------+---------
         Total |       0 |  933491 |   0.0 |       0 |    2051 |   0.0 | 50822
               +---------+---------+-------+---------+---------+-------+---------
           D:1 |       0 |      41 |   0.0 |       0 |      18 |   0.0 |   742
           D:2 |       0 |     386 |   0.0 |       0 |      31 |   0.0 |   830
           D:3 |       0 |      76 |   0.0 |       0 |      24 |   0.0 |   713
           D:4 |       0 |     505 |   0.0 |       0 |      23 |   0.0 |   604
           D:5 |       0 |     826 |   0.0 |       0 |      33 |   0.0 |  1381
           D:6 |       0 |     387 |   0.0 |       0 |      12 |   0.0 |   664
           D:7 |       0 |    3586 |   0.0 |       0 |      34 |   0.0 |  2019
           D:8 |       0 |    1723 |   0.0 |       0 |      21 |   0.0 |   653
           D:9 |       0 |    2378 |   0.0 |       0 |      24 |   0.0 |  1238
          D:10 |       0 |    5220 |   0.0 |       0 |      48 |   0.0 |  1501
          D:11 |       0 |    6092 |   0.0 |       0 |      64 |   0.0 |  1502
          D:12 |       0 |    8741 |   0.0 |       0 |      30 |   0.0 |  1151
          D:13 |       0 |    4581 |   0.0 |       0 |      32 |   0.0 |   676
          D:14 |       0 |   16374 |   0.0 |       0 |      38 |   0.0 |   821
          D:15 |       0 |   44530 |   0.0 |       0 |      81 |   0.0 |  1589
        Lair:1 |       0 |    2716 |   0.0 |       0 |      15 |   0.0 |   774
        Lair:2 |       0 |    9975 |   0.0 |       0 |      32 |   0.0 |  1551
        Lair:3 |       0 |    5046 |   0.0 |       0 |      27 |   0.0 |  1234
        Lair:4 |       0 |    5717 |   0.0 |       0 |      26 |   0.0 |  1319
        Lair:5 |       0 |    7231 |   0.0 |       0 |      19 |   0.0 |   765
        Lair:6 |       0 |   18719 |   0.0 |       0 |      49 |   0.0 |  1278
       Swamp:1 |       0 |   11594 |   0.0 |       0 |      24 |   0.0 |   857
       Swamp:2 |       0 |    7980 |   0.0 |       0 |      24 |   0.0 |   671
       Swamp:3 |       0 |   24032 |   0.0 |       0 |      57 |   0.0 |  1367
       Swamp:4 |       0 |   17215 |   0.0 |       0 |      33 |   0.0 |   808
      Spider:1 |       0 |   26977 |   0.0 |       0 |      83 |   0.0 |  2775
      Spider:2 |       0 |   12597 |   0.0 |       0 |      41 |   0.0 |   723
      Spider:3 |       0 |   20579 |   0.0 |       0 |      54 |   0.0 |  1045
      Spider:4 |       0 |   32014 |   0.0 |       0 |      63 |   0.0 |  1189
         Orc:1 |       0 |    4420 |   0.0 |       0 |      54 |   0.0 |   796
         Orc:2 |       0 |   24369 |   0.0 |       0 |     115 |   0.0 |  1497
         Elf:1 |       0 |   23318 |   0.0 |       0 |      34 |   0.0 |  1321
         Elf:2 |       0 |   13372 |   0.0 |       0 |      16 |   0.0 |   768
         Elf:3 |       0 |   45790 |   0.0 |       0 |      41 |   0.0 |  2010
      Vaults:1 |       0 |   71483 |   0.0 |       0 |     126 |   0.0 |  2029
      Vaults:2 |       0 |   44769 |   0.0 |       0 |      68 |   0.0 |  1551
      Vaults:3 |       0 |   50441 |   0.0 |       0 |     100 |   0.0 |  1264
      Vaults:4 |       0 |   66225 |   0.0 |       0 |      86 |   0.0 |  1185
      Vaults:5 |       0 |  165216 |   0.0 |       0 |     139 |   0.0 |  1688
      Depths:1 |       0 |   10746 |   0.0 |       0 |      27 |   0.0 |   668
      Depths:2 |       0 |   73243 |   0.0 |       0 |      91 |   0.0 |  1461
      Depths:3 |       0 |   16454 |   0.0 |       0 |      15 |   0.0 |   237
           Lab |       0 |    1177 |   0.0 |       0 |       1 |   0.0 |   497
         IceCv |       0 |    8830 |   0.0 |       0 |      49 |   0.0 |   763
       Volcano |       0 |     470 |   0.0 |       0 |       1 |   0.0 |    34
    Desolation |       0 |   15330 |   0.0 |       0 |      28 |   0.0 |   613
               +---------+---------+-------+---------+---------+-------+---------
